 Dungeon Crawl Stone Soup version 0.25-a0-306-g3faca94807 (webtiles) character file.

Game seed: 6975759433840429287, levelgen mode: deterministic

3028 sturble the Bludgeoner (level 9, -8/70 HPs)
             Began as a Minotaur Berserker on Dec 21, 2019.
             Was an Elder of Trog.
             Mangled by Grum
             ... wielding a +1 spear
              (14 damage)
             ... on level 8 of the Dungeon.
             The game lasted 00:14:31 (7110 turns).

sturble the Bludgeoner (Minotaur Berserker)         Turns: 7110, Time: 00:14:32

Health: -8/70      AC:  8    Str: 22    XL:     9   Next: 55%
Magic:  8/8        EV:  8    Int:  4    God:    Trog [****..]
Gold:   346        SH:  0    Dex: 13    Spells: 8/8 levels left

rFire    + . .     SeeInvis +   F - +5 dire flail
rCold    x . .     Gourm    .   (shield currently unavailable)
rNeg     . . .     Faith    .   i - +0 chain mail
rPois    .         Spirit   .   (helmet restricted)
rElec    .         Reflect  .   (no cloak)
rCorr    .         Harm     .   (no gloves)
MR       .....                  (no boots)
Stlth    ..........             (no amulet)
HPRegen  0.21/turn              G - ring of fire
MPRegen  0.11/turn              j - ring of see invisible

@: berserk cooldown, slowed, studying Dodging, very slow
A: retaliatory headbutt, horns 2
a: Berserk, Trog's Hand, Brothers in Arms, Renounce Religion


You were on level 8 of the Dungeon.
You worshipped Trog.
Trog was greatly pleased with you.
You were not hungry.

You visited 1 branch of the dungeon, and saw 8 of its levels.
You also visited: Sewer.

You collected 346 gold pieces.

Inventory:

Hand Weapons
 a - a +0 short sword
 l - a +0 flail
 B - a +2 whip of venom
 C - a +0 great mace
 F - a +5 dire flail (weapon)
Armour
 b - a +0 animal skin
 i - a +0 chain mail (worn)
Jewellery
 e - an uncursed ring of ice
 j - a ring of see invisible (right hand)
 s - an uncursed ring of flight
 G - a ring of fire (left hand)
Wands
 g - a wand of polymorph (3)
 k - a wand of clouds (6)
 n - a wand of flame (24)
 o - a wand of digging (4)
 q - a wand of enslavement (6)
 y - a wand of iceblast (7)
 H - a wand of acid (6)
Scrolls
 d - 8 scrolls of teleportation
 m - 9 scrolls of remove curse
 w - 2 scrolls of enchant weapon
Potions
 f - a potion of haste
 h - a potion of magic
 p - a potion of lignification {unknown}
 r - 4 potions of flight {unknown}
 t - 5 potions of brilliance {unknown}
 u - 2 potions of heal wounds
 v - 3 potions of agility {unknown}
 x - 3 potions of curing
 z - a potion of might {unknown}
 A - a potion of degeneration {unknown}
Books
 D - a manual of Dodging
Comestibles
 c - 7 rations


   Skills:
 - Level 3.6 Fighting
 * Level 15.3 Maces & Flails
 - Level 2.4 Armour
 - Level 2.1 Dodging


You had 8 spell levels left.
You didn't know any spells.
Your spell library was empty.

Dungeon Overview and Level Annotations

Branches:
Dungeon (8/15)             Temple (0/1) D:7           Sewer (visited)
   Lair: D:8-11

Altars:
Ashenzari
Cheibriados
Elyvilon
Nemelex Xobeh
Okawaru
Ru
Wu Jian
Yredelemnul
The Shining One

Annotations:
D:8 Grum


Innate Abilities, Weirdness & Mutations

You reflexively headbutt those who attack you in melee.
You have a pair of horns on your head.


Message History

You are exhausted.
You feel yourself slow down.
You hit Grum.
Grum is lightly wounded.
Grum hits you with a +1 spear.
* * * LOW HITPOINT WARNING * * *
A two-headed ogre comes into view. It is wielding two +0 giant clubs.
An orc comes into view. It is wielding a +0 flail.
Your chain mail prevents you from hitting Grum.
Grum is lightly wounded.
Grum hits you with a +1 spear!
* * * LOW HITPOINT WARNING * * *
You barely miss Grum. You headbutt Grum.
Grum is moderately wounded.
A bullfrog skeleton comes into view.
A hound comes into view.
The hound barks!
You sock the two-headed ogre!
The two-headed ogre is lightly wounded.
Grum hits you from afar with a +1 spear!
You die...

######.!..#
..........#
######.Z..#
#o...+ #††..#
#########†####
........#.#
........#†#
........#@#
........#O#
........#g#
.........h#
###....###
#....# #....#
#....# #....#


You could see a two-headed ogre, Grum, a hound, an orc and a bullfrog skeleton.

Vanquished Creatures
  A troll (D:7)
  Grinder (D:3)
  A wyvern (D:8)
  An orc warrior (D:7)
  An eye of draining (D:7)
  A sky beast (D:6)
  2 black bears (D:6)
  An ogre (D:4)
  3 wolves (D:8)
  5 centaurs
  A big kobold (D:8)
  A bullfrog (D:8)
  Blork the orc (D:5)
  A scorpion (D:8)
  3 wights (D:8)
  A howler monkey (D:8)
  2 jellies
  2 orc priests
  4 hounds
  3 orc wizards
  A centaur skeleton (D:8)
  An iguana (D:5)
  2 worker ants (D:4)
  A killer bee zombie (D:5)
  Robin (D:4)
  7 gnolls
  8 river rats (Sewer)
  11 adders
  2 shadow imps (D:7)
  An adder zombie (D:5)
  2 worms (D:4)
  3 dart slugs
  13 leopard geckos
  7 orcs
  6 giant cockroaches
  19 goblins
  6 hobgoblins
  7 jackals
  3 quokkas
  9 ball pythons
  2 bats (D:1)
  7 frilled lizards
  2 gnoll zombies (D:4)
  26 kobolds
  A leopard gecko skeleton (D:6)
  A leopard gecko zombie (D:5)
  A quokka skeleton (D:5)
  23 rats
209 creatures vanquished.

Notes
Turn   | Place    | Note
-------+----------+-------------------------------------------
     0 | D:1      | sturble the Minotaur Berserker began the quest for the Orb.
     0 | D:1      | Reached XP level 1. HP: 19/19 MP: 0/0
    31 | D:1      | Reached skill level 4 in Maces & Flails
    35 | D:1      | Reached XP level 2. HP: 8/26 MP: 1/1
   630 | D:1      | Reached skill level 5 in Maces & Flails
   646 | D:1      | Reached XP level 3. HP: 20/31 MP: 2/2
   719 | D:1      | Reached ** piety under Trog
  1830 | D:3      | Noticed Grinder
  1833 | D:3      | Reached skill level 6 in Maces & Flails
  1833 | D:3      | Reached XP level 4. HP: 38/39 MP: 3/3
  2112 | D:3      | Killed Grinder
  2112 | D:3      | Reached skill level 8 in Maces & Flails
  2112 | D:3      | Reached XP level 5. HP: 45/45 MP: 4/4
  2112 | D:3      | Reached XP level 6. HP: 51/51 MP: 5/5
  2133 | D:3      | Found an iron altar of Okawaru.
  2602 | D:4      | Found a snail-covered altar of Cheibriados.
  2642 | D:4      | Noticed Robin
  2648 | D:4      | Reached *** piety under Trog
  2664 | D:4      | Killed Robin
  2671 | D:4      | Reached skill level 9 in Maces & Flails
  3125 | D:4      | Reached XP level 7. HP: 50/57 MP: 6/6
  3346 | D:4      | Found a basalt altar of Yredelemnul.
  3397 | D:5      | Entered Level 5 of the Dungeon
  3552 | D:5      | Found a glowing golden altar of the Shining One.
  3602 | D:5      | Noticed Blork the orc
  3608 | D:5      | Killed Blork the orc
  3608 | D:5      | Reached skill level 10 in Maces & Flails
  3686 | D:5      | Found a sacrificial altar of Ru.
  3781 | D:5      | Found a glowing drain.
  3816 | Sewer    | Entered a sewer
  4090 | Sewer    | Reached **** piety under Trog
  4673 | D:5      | Reached skill level 11 in Maces & Flails
  4735 | D:5      | Found a shattered altar of Ashenzari.
  5203 | D:6      | Reached XP level 8. HP: 60/64 MP: 7/7
  5244 | D:6      | Reached skill level 12 in Maces & Flails
  5574 | D:6      | Found an ornate altar of the Wu Jian Council.
  5944 | D:6      | Reached ***** piety under Trog
  5944 | D:6      | Received a gift from Trog
  5964 | D:6      | Found a white marble altar of Elyvilon.
  6025 | D:6      | Reached skill level 13 in Maces & Flails
  6334 | D:7      | Noticed a troll
  6345 | D:7      | Killed a troll
  6364 | D:7      | Found a staircase to the Ecumenical Temple.
  6418 | D:7      | Reached XP level 9. HP: 43/70 MP: 8/8
  6420 | D:7      | Reached skill level 14 in Maces & Flails
  6705 | D:7      | Found a sparkling altar of Nemelex Xobeh.
  7088 | D:8      | Reached skill level 15 in Maces & Flails
  7100 | D:8      | Noticed Grum
  7107 | D:8      | Noticed a two-headed ogre
  7110 | D:8      | Mangled by Grum

Levels and vault maps discovered:
D:1:      saegor_arrival_simple_d, layout_basic
D:2:      layout_loops_cross
D:3:      kennysheep_big_flooded_room, layout_basic, old_standard_altar,
          kennysheep_generic_room_13, uniq_grinder
D:4:      layout_rooms, kennysheep_slug_shrine, lemuel_zombie_altar_yredelemnul,
          uniq_robin
D:5:      layout_gridville, evilmike_ruin_ashenzari, lemuel_crystal_altar,
          gup_sewer_entry_pipe, first_ration, palyth_stone_intersect,
          nicolae_tso_carved_into_rock, uniq_blork_the_orc
D:6:      layout_basic, overflow_temple_1_default, lemuel_round_altar,
          minmay_manual_mares
D:7:      layout_gridville, lemuel_doored_altar, minmay_temple_entry_slanted,
          mrwooster_statue_mirror
D:8:      layout_basic, gammafunk_ghost_nasty_kobolds, uniq_grum

Skill      XL: |  1  2  3  4  5  6  7  8  9 |
---------------+----------------------------+-----
Maces & Flails | 4 5 6 8 9 11 13 15 | 15.3
Fighting       | |  3.6
Armour         | |  2.4
Dodging        | |  2.1

Action                   |  1- 3 |  4- 6 |  7- 9 || total
-------------------------+-------+-------+-------++-------
Melee: Mace              |    78 |   112 |    14 ||   204
       Headbutt          |     4 |    16 |    52 ||    72
       Flail             |       |       |   146 ||   146
       Great mace        |       |       |    52 ||    52
       Dire flail        |       |       |    99 ||    99
Invok: Berserk           |       |     2 |     5 ||     7
  Use: Scroll            |     4 |     3 |     5 ||    12
       Potion            |       |     2 |     3 ||     5
  Eat: Chunk             |     3 |       |       ||     3
       Ration            |       |     2 |     5 ||     7
Armor: Animal skin       |     9 |       |       ||     9
       Chain mail        |     8 |    42 |   141 ||   191
       Skin              |       |     7 |       ||     7
Dodge: Dodged            |    43 |    42 |   143 ||   228

Table legend:
 A = Non-vault XP
 B = Vault XP
 C = Vault XP percentage of total XP
 D = Non-vault monster count
 E = Vault monster count
 F = Vault count percentage of total count
                 A         B        C        D         E       F
            +---------+---------+-------+---------+---------+-------
      Total |    3131 |    1195 |  27.6 |     130 |      79 |  37.8
            +---------+---------+-------+---------+---------+-------
        D:1 |      54 |       0 |   0.0 |      30 |       0 |   0.0
        D:2 |      31 |       0 |   0.0 |       5 |       0 |   0.0
        D:3 |      41 |     289 |  87.6 |      15 |       4 |  21.1
        D:4 |     291 |      43 |  12.9 |      12 |      15 |  55.6
        D:5 |     310 |     106 |  25.5 |      16 |       7 |  30.4
        D:6 |     738 |     227 |  23.5 |      19 |       2 |   9.5
        D:7 |     902 |       0 |   0.0 |      17 |       0 |   0.0
        D:8 |     764 |     355 |  31.7 |      16 |       3 |  15.8
      Sewer |       0 |     175 | 100.0 |       0 |      48 | 100.0
            +---------+---------+-------+---------+---------+-------
